 Dungeon Crawl Stone Soup version 0.31.0-12-g77e489cdc1 (webtiles) character file.

Game seed: 17882716304456180351

26779 lordive the Nimble (level 13, -10/89 HPs)
             Began as an Octopode Shapeshifter on Mar 2, 2024.
             Was an Elder of Dithmenos.
             Mangled by a seven-headed hydra (13 damage)
             ... on level 5 of the Lair of Beasts.
             The game lasted 00:23:06 (14863 turns).

lordive the Nimble (Octopode Shapeshifter)         Turns: 14863, Time: 00:23:08

Health: -10/89     AC:  7    Str: 20    XL:     13   Next: 28%
Magic:  0/17       EV: 22    Int: 15    God:    Dithmenos [****..]
Gold:   679        SH:  0    Dex: 13    Spells: 12/12 levels left

rFire   . .          .
                       - Unarmed
rCold   . . .        (shield currently unavailable)
rNeg    . . .        H - +2 hat {Will+}
rPois   +            C - amulet of guardian spirit
rElec   .            h - +6 ring of strength
rCorr   +            j - +4 ring of protection
SInv    .            u - ring of resist corrosion
Will    +....        o - ring of flight
Stlth   ++           r - ring of poison resistance
HPRegen 0.34/turn    (no ring)
MPRegen 0.15/turn    (no ring)
                     (no ring)

%: guardian spirit
@: about to teleport, flux-form, flying, glowing
A: glow, contaminating, almost no armour, amphibious, 8 rings, camouflage 1,
gelatinous body 1, (nimble swimmer 1), tentacles
a: Begin Untransformation, Renounce Religion, Shadow Step


You were on level 5 of the Lair of Beasts.
You worshipped Dithmenos.
Dithmenos was greatly pleased with you.
You were something dangerously unstable.
You visited 3 branches of the dungeon, and saw 15 of its levels.
You also visited: Sewer and Ice Cave.

You collected 754 gold pieces.
You spent 75 gold pieces at shops.

Inventory:

Missiles
 v - a throwing net (quivered)
 y - 16 poisoned darts
Armour
 H - a +2 hat of willpower (worn)
Jewellery
 h - a +6 ring of strength (left tentacle)
 j - a +4 ring of protection (right tentacle)
 o - a ring of flight (on tentacle)
 r - a ring of poison resistance (on tentacle)
 u - a ring of resist corrosion (on tentacle)
 C - an amulet of guardian spirit (around mantle)
 L - a ring of fire
Talismans
 b - a beast talisman
 c - a flux talisman (active)
Wands
 E - a wand of charming (18)
 J - a wand of light (1)
 K - a wand of iceblast (2)
Scrolls
 d - a scroll of silence
 f - 2 scrolls of summoning
 i - 2 scrolls of fog
 k - 4 scrolls of teleportation
 l - 3 scrolls of brand weapon {unknown}
 m - 2 scrolls of fear {unknown}
 n - 6 scrolls of noise {unknown}
 p - a scroll of torment {unknown}
 s - 4 scrolls of immolation {unknown}
 t - 2 scrolls of enchant weapon {unknown}
 x - a scroll of enchant armour {unknown}
 z - 2 scrolls of revelation {unknown}
 I - a scroll of poison {unknown}
Potions
 a - 4 potions of lignification
 e - 3 potions of heal wounds
 g - 6 potions of haste
 q - 2 potions of might
 w - a potion of mutation
 A - a potion of cancellation
 B - 7 potions of curing
 D - a potion of resistance
 F - 4 potions of enlightenment
 G - a potion of attraction
 M - 2 potions of brilliance {unknown}


   Skills:
 * Level 8.7 Fighting
 * Level 12.3 Dodging
 + Level 3.3 Stealth
 + Level 11.4 Unarmed Combat
 * Level 5.6 Invocations
 * Level 10.7 Shapeshifting


You had 12 spell levels left.
You didn't know any spells.
Your spell library contained the following spells:

 Spells                   Type           Power      Damage    Failure   Level
 Cigotuvi's Dreadful Rot  Necr/Alch/Air  0%         N/A       38%         2
 Scorch                   Fire           0%         2d5       38%         2
 Dazzling Flash           Conj/Hex       0%         N/A       63%         3
 Mephitic Cloud           Conj/Alch/Air  0%         N/A       63%         3
 Flame Wave               Conj/Fire      0%         2d4       95%         4
 Ignite Poison            Fire/Alch      0%         N/A       95%         4
 Olgreb's Toxic Radiance  Alch           0%         N/A       95%         4
 Curse of Agony           Necr           0%         N/A       100%        5
 Freezing Cloud           Conj/Ice/Air   0%         6-21      100%        5
 Silence                  Hex/Air        0%         N/A       100%        5
 Summon Cactus Giant      Summ           0%         N/A       100%        6
 Ozocubu's Refrigeration  Ice            0%         4d7       100%        7
 Discord                  Hex            0%         N/A       100%        8


Dungeon Overview and Level Annotations

Branches:
Dungeon (9/15)             Temple (1/1) D:5            Lair (5/5) D:8
 Shoals (0/4) Lair:2        Snake (0/4) Lair:3        Sewer (visited)
  IceCv (visited)
  Slime: Lair:4-5       Orc: D:9-12

Altars:
Ashenzari
Cheibriados
Dithmenos
Elyvilon
Fedhas
Gozag
Hepliaklqana
Kikubaaqudgha
Makhleb
Nemelex Xobeh
Okawaru
Qazlal
Ru
Sif Muna
Trog
Vehumet
Wu Jian
Xom
Yredelemnul
Zin
The Shining One

Shops:
D:4 =   D:6 *   D:7 [

Annotations:
Lair:3 exclusion: oklob plant


Innate Abilities, Weirdness & Mutations

You are something dangerously unstable.
You glow with magical radiation, making you easy to see and hit.
Foes you strike become dangerously contaminated with magical radiation.
You are incapable of wielding weapons or throwing items.
You cannot wear most types of armour.
You are amphibious.
You can wear up to eight rings at the same time.
Your skin changes colour to match your surroundings (Stealth+).
Your rubbery body absorbs attacks. (AC +1, EV +1)
((You are camouflaged when in or above water. (Stealth+)))
You have tentacles for arms and can constrict up to eight enemies at once.


Message History

The seven-headed hydra misses you. x2; The seven-headed hydra bites you! x2
The seven-headed hydra bites you.
The seven-headed hydra closely misses you. x2
You tentacle-slap the seven-headed hydra.
The seven-headed hydra begins to glow.
The seven-headed hydra is lightly wounded.
The seven-headed hydra barely misses you.
The seven-headed hydra bites you! The seven-headed hydra misses you.
The seven-headed hydra bites you. The seven-headed hydra bites you!
The seven-headed hydra barely misses you.
The seven-headed hydra bites you.
The seven-headed hydra stops glowing.
The seven-headed hydra attacks as it pursues you!
The seven-headed hydra closely misses you.
The seven-headed hydra bites you! The seven-headed hydra bites you.
The seven-headed hydra bites you!
The seven-headed hydra bites you but does no damage.
The seven-headed hydra bites you!
* * * LOW HITPOINT WARNING * * *
The seven-headed hydra bites you.
* * * LOW HITPOINT WARNING * * *
Okay, then.
As you read the scroll of teleportation, it crumbles to dust.
You feel strangely unstable. The seven-headed hydra misses you.
The seven-headed hydra completely misses you.
The seven-headed hydra bites you!
* * * LOW HITPOINT WARNING * * *
The seven-headed hydra bites you.
* * * LOW HITPOINT WARNING * * *
The seven-headed hydra completely misses you.
The seven-headed hydra bites you but does no damage.
The seven-headed hydra misses you.
The seven-headed hydra attacks as it pursues you!
The seven-headed hydra bites you but does no damage.
The seven-headed hydra barely misses you.
The seven-headed hydra bites you but does no damage.
The seven-headed hydra bites you.
* * * LOW HITPOINT WARNING * * *
The seven-headed hydra bites you!
You die...

#P...### #....#
###.....#####
##...# ##........#
###..#
#........###...##
##........##.....#
#.......(P##.....#
...###P..####....#
#....# #.##.#
#....###p.###
#...#.#D.#.#
#...##....##
#...##.P..#
#.....⌠.⌠.#
####...8.##
.....[..
##.P....##
#.....##


You could see a seven-headed hydra.

Vanquished Creatures
  Gastronok (Lair:2)
  A death yak (Lair:5)
  A skyshark (Lair:4)
  Nergalle (Lair:3)
  Amaemon (Lair:3)
  6 elephants
  6 black mambas
  An orange demon (Lair:3)
  10 cane toads
  A torpor snail (Lair:5)
  4 rime drakes
  5 komodo dragons
  5 polar bears
  2 hornets (D:9)
  A snapping turtle (Lair:2)
  A wraith (D:9)
  A water elemental (Lair:2)
  2 basilisks
  11 wyverns
  22 yaks
  Grum (D:8)
  A death yak simulacrum (Lair:1)
  A steam dragon (D:7)
  4 nagas (Lair:3)
  10 water moccasins
  2 orc warriors
  A sky beast (D:7)
  A black bear (D:8)
  2 ice beasts
  4 ogres
  13 wolves
  3 phantoms
  2 kobold brigands
  2 brain worms (Sewer)
  10 bullfrogs
  4 scorpions
  12 killer bees
  2 elephant simulacra
  6 howler monkeys (D:7)
  An electric eel (Lair:3)
  A bombardier beetle (D:6)
  5 orc priests
  7 hounds
  A jelly (D:6)
  2 iguanas
  A sleepcap (D:6)
  Terence (D:2)
  4 orc wizards
  A polar bear simulacrum (IceCv)
  11 gnolls
  9 adders
  A naga simulacrum (IceCv)
  2 river rats (Sewer)
  A white imp (IceCv)
  2 ufetubi (IceCv)
  3 dart slugs
  3 ribbon worms
  22 orcs
  5 bats (D:1)
  7 endoplasms
  6 giant cockroaches
  9 goblins
  8 hobgoblins
  2 jackals (Sewer)
  3 quokkas (D:3)
  13 ball pythons
  4 frilled lizards
  16 kobolds
  11 rats
326 creatures vanquished.

Notes
Turn   | Place    | Note
-------+----------+-------------------------------------------
     0 | D:1      | lordive the Octopode Shapeshifter began the quest for the
                  | Orb.
     0 | D:1      | Reached XP level 1. HP: 13/13 MP: 1/1
   114 | D:1      | Reached XP level 2. HP: 17/18 MP: 2/2
   490 | D:1      | Reached XP level 3. HP: 23/23 MP: 3/3
  1220 | D:2      | Noticed Terence
  1229 | D:2      | Killed Terence
  1230 | D:2      | Reached XP level 4. HP: 28/28 MP: 4/4
  1283 | D:2      | Found a faded altar of an unknown god.
  1540 | D:3      | Found the +1 Delatra's gloves {ID++}
  1828 | D:3      | Found a white marble altar of Elyvilon.
  1857 | D:3      | Reached XP level 5. HP: 34/34 MP: 5/5
  2886 | D:4      | Reached skill level 3 in Dodging
  2932 | D:4      | Reached XP level 6. HP: 33/39 MP: 6/6
  3066 | D:4      | Found a glowing drain.
  3089 | Sewer    | Entered a sewer
  3225 | Sewer    | Reached skill level 5 in Unarmed Combat
  3421 | Sewer    | Reached XP level 7. HP: 45/45 MP: 7/7
  3732 | D:4      | Found Ibomuiqi's Jewellery Shop.
  3781 | D:5      | Entered Level 5 of the Dungeon
  3826 | D:5      | Reached skill level 4 in Dodging
  3969 | D:5      | Reached skill level 5 in Shapeshifting
  4051 | D:5      | Reached XP level 8. HP: 26/52 MP: 8/8
  4828 | D:5      | Found a staircase to the Ecumenical Temple.
  5009 | Temple   | Found a transporter.
  5009 | Temple   | Found a transporter.
  5009 | Temple   | Found a transporter.
  5009 | Temple   | Found a transporter.
  5009 | Temple   | Entered the Ecumenical Temple
  5033 | Temple   | Became a worshipper of Dithmenos the Shadowed
  5331 | D:6      | Found Lewir's General Store.
  5357 | D:6      | Bought a scroll of identify for 30 gold pieces
  5357 | D:6      | Bought a potion of curing for 45 gold pieces
  5435 | D:6      | Reached skill level 5 in Dodging
  5527 | D:6      | Found an ornate altar of the Wu Jian Council.
  5631 | D:6      | Reached XP level 9. HP: 58/58 MP: 9/9
  6318 | D:7      | Reached * piety under Dithmenos
  6451 | D:7      | Identified the +7 falchion of Midnight {heavy, rPois rF+
                  | rN++ Str-2}
  6553 | D:7      | Reached skill level 5 in Fighting
  6555 | D:7      | Reached skill level 6 in Dodging
  6692 | D:7      | Found Yddoczuk's Antique Armour Emporium.
  6803 | D:8      | You are sucked into a shaft and drop 1 floor!
  6833 | D:9      | Noticed a hornet
  6835 | D:9      | Noticed a hornet
  6846 | D:9      | Killed a hornet
  6850 | D:9      | HP: 3/61 [hornet (11)]
  6852 | D:9      | Killed a hornet
  6853 | D:9      | Reached XP level 10. HP: 14/66 MP: 1/10
  7090 | D:9      | Reached skill level 7 in Dodging
  7241 | D:9      | Noticed a centaur warrior
  7298 | D:8      | Noticed Grum
  7310 | D:8      | Killed Grum
  7621 | D:8      | Found a staircase to the Lair.
  7622 | D:8      | Noticed an elephant
  7876 | D:8      | Reached skill level 8 in Dodging
  7876 | D:8      | Reached ** piety under Dithmenos
  8071 | D:8      | Killed an elephant
  8240 | Lair:1   | Entered Level 1 of the Lair of Beasts
  8281 | Lair:1   | Noticed a cane toad
  8289 | Lair:1   | Killed a cane toad
  8344 | Lair:1   | Reached skill level 9 in Dodging
  8368 | Lair:1   | Found a frozen archway.
  8374 | Lair:1   | Reached XP level 11. HP: 74/74 MP: 11/11
  8491 | IceCv    | Entered an ice cave
  9003 | Lair:1   | Reached skill level 10 in Dodging
 10226 | Lair:2   | Noticed Gastronok
 10244 | Lair:2   | Killed Gastronok
 10245 | Lair:2   | Reached skill level 1 in Invocations
 10481 | Lair:2   | Identified the +5 morningstar of Nuiruj {flame, *Corrode
                  | Dex+5}
 10586 | Lair:2   | Found a staircase to the Shoals.
 11018 | Lair:3   | Reached skill level 11 in Dodging
 11019 | Lair:3   | Noticed Nergalle
 11026 | Lair:3   | Killed Nergalle
 11027 | Lair:3   | Reached XP level 12. HP: 54/81 MP: 8/13
 11176 | Lair:3   | Reached skill level 10 in Shapeshifting
 11222 | Lair:3   | Noticed Amaemon
 11232 | Lair:3   | Killed Amaemon
 11238 | Lair:3   | Reached *** piety under Dithmenos
 11409 | Lair:3   | Reached skill level 10 in Unarmed Combat
 11820 | Lair:3   | Found a staircase to the Snake Pit.
 12011 | Lair:3   | Reached skill level 1 in Stealth
 12785 | Lair:4   | Noticed a skyshark
 12798 | Lair:4   | Killed a skyshark
 13269 | Lair:4   | Reached skill level 5 in Invocations
 13272 | Lair:4   | Reached XP level 13. HP: 29/89 MP: 7/16
 13493 | Lair:4   | Reached skill level 12 in Dodging
 13885 | Lair:5   | Entered Level 5 of the Lair of Beasts
 14419 | Lair:5   | HP: 4/89 [yak (4)]
 14433 | Lair:4   | Reached **** piety under Dithmenos
 14863 | Lair:5   | HP: 3/89 [seven-headed hydra (3)]
 14863 | Lair:5   | Mangled by a seven-headed hydra

Illustrated notes

Levels and vault maps discovered:
D:1:      shiori_arrival_oz, layout_basic
D:2:      layout_basic, shapermc_ecumenical_altar_mp_urbaneastern, uniq_terence
D:3:      layout_loops_cross, elyvilon_altar_4, minmay_misc_feat_five,
          grunt_ministairs_6, st_stairs_10, dk_noncrumbling_4,
          pf_guarded_unrand_delatra
D:4:      layout_loops_ring, serial_shops, nicolae_shop_window_shopping,
          cheibrodos_sewer_entry_bend, chequers_garden
D:5:      kennysheep_six_static_rooms, layout_loops_cross,
          lemuel_temple_firewalk_b
D:6:      layout_rooms, nicolae_wu_jian_glorious_leap, serial_shops, shop
D:7:      layout_loops_ring, serial_shops, shop, st_stairs_12,
          dreamdust_wishing_well
D:8:      layout_basic, david_lair_generic, st_stairs_14, uniq_grum
D:9:      minmay_skewed_foursquare, layout_rooms, nicolae_uskayaw_dance_hall
Temple:   hellmonk_temple_divided_pantheon
Lair:1:   layout_cave_pods, portal_ice_cave_entry_ice_simulacra
Lair:2:   layout_regular_city, minmay_shoals_entry_hut,
          infiniplex_staircase_pool, serial_bayou_shore_b, grunt_megastairs_5,
          uniq_gastronok
Lair:3:   layout_chaotic_city, minmay_snake_entry_guardpost_small, st_stairs_11,
          guppyfry_lair_drakes, serial_bayou_shore_b,
          infiniplex_staircase_pool_2, uniq_amaemon, uniq_nergalle
Lair:4:   layout_roguey, lightli_volcano_entry_magma_tube, beast_lair_carwin_8
Lair:5:   cheibrodos_lair_end_hotspot, layout_loops_ring,
          nicolae_slime_entry_field_trip, serial_bayou_pond_b,
          chequers_serial_rivers_micro_a, dreamdust_deal_with_the_devil,
          pdpol_lair_cavern_descent

Skill      XL: |  1  2  3  4  5  6  7  8  9 10 11 12 13 |
---------------+----------------------------------------+-----
Shapeshifting  | 4 5 7 8 9 10 | 10.7
Unarmed Combat | 4 5 6 7 9 11 | 11.4
Fighting       | 2 3 4 5 6 7 8 |  8.7
Dodging        | 3 4 5 6 9 11 12 | 12.3
Invocations    | 2 5 |  5.6
Stealth        | 2 3 |  3.3

Action                     |  1- 3 |  4- 6 |  7- 9 | 10-12 | 13-15 || total
---------------------------+-------+-------+-------+-------+-------++-------
  Melee: Unarmed           |    57 |   144 |   211 |   523 |   101 ||  1036
         Constrict         |    17 |    44 |    45 |    61 |    13 ||   180
         Tentacles         |     9 |    33 |    46 |   169 |    36 ||   293
         Punch             |       |     5 |    14 |     5 |       ||    24
    Use: Scroll            |       |       |    10 |     4 |     1 ||    15
         Potion            |       |       |     1 |     1 |       ||     2
   Stab: Sleeping          |     4 |     7 |     5 |     5 |       ||    21
         Distracted        |       |       |     2 |       |     1 ||     3
 Armour: Skin              |    20 |    51 |    91 |   214 |    88 ||   464
  Dodge: Dodged            |    39 |    75 |   116 |   522 |   188 ||   940
   Form: Flux              |       |       |       |     1 |       ||     1
